 Dungeon Crawl Stone Soup version 0.26-a0-1021-gda264ca44c (webtiles) character file.

Game seed: 5965760563021771736

242 snetch the Chopper (level 6, -1/53 HPs)
             Began as a Hill Orc Monk on Dec 8, 2020.
             Was a Believer of Beogh.
             Slain by an ice beast (9 damage)
             ... on level 3 of the Dungeon.
             The game lasted 00:07:38 (2951 turns).

snetch the Chopper (Hill Orc Monk)                  Turns: 2951, Time: 00:07:39

Health: -1/53      AC: 12    Str: 16    XL:     6   Next: 9%
Magic:  6/6        EV:  8    Int: 10    God:    Beogh [**....]
Gold:   99         SH:  0    Dex: 19    Spells: 5/5 levels left

rFire    + . .     SeeInvis .   a - +0 hand axe
rCold    . . .     Faith    .   (no shield)
rNeg     . . .     Spirit   .   y - +2 chain mail {rF+}
rPois    .         Reflect  .   d - +1 hat
rElec    .         Harm     .   v - +0 cloak
rCorr    .         Rampage  .   (no gloves)
Will     .....                  m - -2 pair of boots (curse)
Stlth    ..........             (no amulet)
HPRegen  0.17/turn              t - +6 ring of dexterity
MPRegen  0.10/turn              w - ring of attention (curse)

@: no status effects
A: no striking features
a: Smiting, Renounce Religion


You were on level 3 of the Dungeon.
You worshipped Beogh.
Beogh was pleased with you.
You visited 1 branch of the dungeon, and saw 4 of its levels.

You collected 99 gold pieces.

Inventory:

Hand Weapons
 a - a +0 hand axe (weapon)
 u - a +2 quarterstaff of chaos
 z - a +0 flail
Missiles
 c - 5 datura-tipped darts
 g - 5 boomerangs
 k - 146 stones
 l - 48 sling bullets
 q - 33 poisoned darts (quivered)
 s - 20 bolts
Armour
 d - a +1 hat (worn)
 m - a cursed -2 pair of boots (worn)
 v - a +0 cloak (worn)
 y - a +2 chain mail of fire resistance (worn)
Jewellery
 t - a +6 ring of dexterity (left hand)
 w - a cursed ring of attention (right hand)
Scrolls
 j - a scroll of teleportation {unknown}
 o - a scroll of enchant armour {unknown}
Potions
 b - a potion of berserk rage
 f - a potion of might
 h - a potion of resistance
 n - a potion of attraction
 p - a potion of flight {unknown}
 r - 2 potions of curing
 x - a potion of lignification {unknown}
 A - a potion of heal wounds {unknown}


   Skills:
 + Level 4.7 Fighting
 + Level 6.2 Axes
 + Level 0.2 Throwing
 + Level 3.0 Armour
 + Level 3.0 Dodging
 + Level 1.6 Stealth


You had 5 spell levels left.
You didn't know any spells.
Your spell library was empty.

Dungeon Overview and Level Annotations

Branches:
Dungeon (4/15)             Temple (0/1) D:4

Altars:


Message History

You kill the howler monkey!
Beogh accepts your kill.
You hit the ice beast but do no damage.
The ice beast hits you but does no damage.
Your Armour skill increases to level 3!
You have reached level 6!
Your experience leads to an increase in your attributes!
Your base attributes are Str 15, Int 10, Dex 13.
Increase (S)trength, (I)ntelligence, or (D)exterity?
You feel stronger.
You slash the ice beast!
The ice beast is heavily wounded.
The ice beast barely misses you.
Okay, then.
You hit the ice beast.
The ice beast is severely wounded.
The ice beast hits you.
* * * LOW HITPOINT WARNING * * *
The ice beast freezes you!
You die...

#.#.#.#.#.#+.....#
.#.#.#.#.#.#.†...#
#.#.#.#.#.#+.....#
.#.#.#.#.#.#.....#
#.#.#.#.#.#+.....#
.#.#.#.#.#.#.....#
#.#.#.#.#.#+.....#
.#.#.#.#.#.#...Y.#
#.#.#.#.#.#....†@#
.#.#.#.#.#.#######
#.#.#.#.#.#.#
.#.#.#.#.#.##
#.#.#.#.#.#.
.#.#.#.#.#)
#.#.#.#.#.
.#.#.#.#. #.#.#.#.


You could see an ice beast.

Vanquished Creatures
  A howler monkey (D:3)
  Crazy Yiuf (D:2)
  Jessica (D:2)
  2 worker ants (D:3)
  3 adders
  An ooze (D:1)
  2 dart slugs
  2 leopard geckos
  7 orcs (D:3)
  A ball python (D:2)
  4 giant cockroaches
  9 hobgoblins
  4 jackals (D:2)
  6 bats
  3 frilled lizards (D:1)
  6 goblins
  3 kobolds
  6 rats
62 creatures vanquished.

Vanquished Creatures (others)
  An orc (D:3)
  A bat (D:3)
  2 kobolds (D:3)
  A rat (D:3)
5 creatures vanquished.

Grand Total: 67 creatures vanquished

Notes
Turn   | Place    | Note
-------+----------+-------------------------------------------
     0 | D:1      | snetch the Hill Orc Monk began the quest for the Orb.
     0 | D:1      | Reached XP level 1. HP: 19/19 MP: 1/1
   139 | D:1      | Reached XP level 2. HP: 22/27 MP: 2/2
   893 | D:2      | Reached XP level 3. HP: 32/33 MP: 3/3
  1213 | D:3      | Became a worshipper of Beogh the Brigand
  1213 | D:3      | Reached * piety under Beogh
  1213 | D:3      | Reached ** piety under Beogh
  1222 | D:3      | Reached skill level 1 in Armour
  1270 | D:2      | Noticed Jessica
  1285 | D:2      | Killed Jessica
  1286 | D:2      | Reached skill level 5 in Axes
  1286 | D:2      | Reached XP level 4. HP: 41/41 MP: 4/4
  1340 | D:2      | Found a runed translucent door.
  1341 | D:2      | Noticed Crazy Yiuf
  1867 | D:2      | Killed Crazy Yiuf
  1868 | D:2      | Reached XP level 5. HP: 20/47 MP: 5/5
  2733 | D:4      | Found a staircase to the Ecumenical Temple.
  2734 | D:4      | Noticed an ice beast
  2747 | D:3      | Reached skill level 6 in Axes
  2950 | D:3      | Reached XP level 6. HP: 11/53 MP: 6/6
  2951 | D:3      | Slain by an ice beast

Illustrated notes

Levels and vault maps discovered:
D:1:      psy_arrival_dodecagon, layout_loops_corners
D:2:      layout_loops_ring, uniq_crazy_yiuf_cottage, uniq_jessica
D:3:      layout_basic, uniq_natasha
D:4:      kennysheep_slugbush, layout_rooms, vehumet_crystals,
          minmay_temple_entry_mist, minmay_misc_feat_rows, uniq_robin

Skill      XL: |  1  2  3  4  5 |
---------------+----------------+-----
Fighting       | 4 |  4.7
Armour         | 1 3 |  3.0
Axes           | 5 6 |  6.2
Dodging        | 3 |  3.0
Throwing       | |  0.2
Stealth        | |  1.6

Action                   |  1- 3 |  4- 6 || total
-------------------------+-------+-------++-------
Melee: Hand axe          |   104 |   117 ||   221
Throw: Dart              |     3 |     3 ||     6
Invok: Convert to Beogh  |     1 |       ||     1
  Use: Scroll            |       |     4 ||     4
 Stab: Sleeping          |     2 |       ||     2
Armor: Ring mail         |    11 |       ||    11
       Scale mail        |    43 |    27 ||    70
       Chain mail        |       |    35 ||    35
Dodge: Dodged            |    72 |    80 ||   152

Table legend: (Time is in decaauts)
 A = Elapsed time spent in this place.
 B = Non-inter-level travel time spent in this place.
 C = Inter-level travel time spent in this place.
 D = Time resting spent in this place.
 E = Time spent auto-exploring this place.
 F = Levels seen in this place.
 G = Mean time per level.
                   A        B        C        D        E       F      G
               +--------+--------+--------+--------+--------+-----+--------+
         Total |   2959 |   2934 |     25 |    500 |   1666 |   4 |  739.8 |
       Dungeon |   2959 |   2934 |     25 |    500 |   1666 |   4 |  739.8 |
               +--------+--------+--------+--------+--------+-----+--------+

Top non-repeatable levels by time:
     D:2: 1214 daAuts
     D:3: 923 daAuts
     D:1: 806 daAuts
     D:4: 14 daAuts
